 Dungeon Crawl Stone Soup version 0.24-a0-618-ge4662a2 (console) character file.

Game seed: 4567850470269302470, levelgen mode: deterministic

8 vegansnacktivist the Insei (level 2, 9/21 HPs)
             Began as a Demonspawn Transmuter on Sept 15, 2019.
             Quit the game on level 1 of the Dungeon.
             The game lasted 00:00:22 (116 turns).

vegansnacktivist the Insei (Demonspawn Transmuter)   Turns: 116, Time: 00:00:23

Health: 9/21       AC:  2    Str: 10    XL:     2   Next: 0%
Magic:  3/5        EV: 12    Int: 14    God:
Gold:   0          SH:  0    Dex: 13    Spells: 4/5 levels left

rFire    . . .     SeeInvis .     - Unarmed
rCold    . . .     Gourm    .   (no shield)
rNeg     . . .     Faith    .   b - +0 robe
rPois    .         Spirit   .   (helmet restricted)
rElec    .         Reflect  .   (no cloak)
rCorr    .         Harm     .   (no gloves)
MR       .....                  (no boots)
Stlth    +.........             (no amulet)
HPRegen  0.07/turn              (no ring)
MPRegen  0.09/turn              (no ring)

@: appendage (expiring)
A: antennae 1
a: End Transformation


You were on level 1 of the Dungeon.
You were not hungry.
You had grown temporary horns.
You visited 1 branch of the dungeon, and saw 1 of its levels.

Inventory:

Missiles
 a - 12 arrows
Armour
 b - a +0 robe (worn)
Comestibles
 d - a ration


   Skills:
 - Level 1.0 Fighting
 - Level 1.7 Dodging
 + Level 3.2 Unarmed Combat
 - Level 2.0 Spellcasting
 - Level 1.7 Transmutations


You had 4 spell levels left.
You knew the following spells:

 Your Spells              Type           Power        Failure   Level  Hunger
a - Beastly Appendage     Tmut           #.....       12%         1    ##.....

Your spell library contained the following spells:

 Spells                   Type           Power        Failure   Level  Hunger
 Sticks to Snakes         Tmut           #.......     17%         2    ###....
 Spider Form              Tmut/Pois      #.........   45%         3    ####...
 Ice Form                 Ice/Tmut       #.......     86%         4    #####..
 Blade Hands              Tmut           #.........   97%         5    ######.


Dungeon Overview and Level Annotations

Branches:
Dungeon (1/15)

Altars:


Innate Abilities, Weirdness & Mutations

You have a pair of small antennae on your head.


Message History

The bat closely misses you. The bat hits you. The bat barely misses you.
The bat closely misses you.
You completely miss the bat. The bat barely misses you.
Your transformation is almost over.
The bat barely misses you. The bat closely misses you.
You hit the bat. Your headbutt misses the bat.
The bat is moderately wounded.
The bat closely misses you. The bat misses you.
You hit the bat.
The bat is moderately wounded.
The bat hits you but does no damage.
You hit the bat.
You kill the bat!
You have reached level 2!
Your demonic ancestry asserts itself...
The horns on your head shrink a bit. The horns on your head shrink away.
A pair of antennae grows on your head!
Are you sure you want to abandon this character and quit the game? (Confirm with "yes".)

# .# # #.#
############## ##..###
..##.........##......##
#....#######.#..# ...
####.# #....###..# #
#.# #..##.#.#..#.#
####.# #.##%!†......#
.....# #..##.8@##...
###### ##......!# ..#
##.#%#.## #.#
#.###?....# ..# #
..###.# .## .... ...#
##### ##.# # .#


There were no monsters in sight!

Vanquished Creatures
  A leopard gecko (D:1)
  A giant cockroach (D:1)
  2 goblins (D:1)
  2 bats (D:1)
6 creatures vanquished.

Notes
Turn   | Place    | Note
-------+----------+-------------------------------------------
     0 | D:1      | vegansnacktivist the Demonspawn Transmuter began the quest
                  | for the Orb.
     0 | D:1      | Reached XP level 1. HP: 15/15 MP: 3/3
    21 | D:1      | Reached skill level 3 in Unarmed Combat
   115 | D:1      | Lost mutation: You have a pair of horns on your head.
                  | [demonic ancestry]
   115 | D:1      | Lost mutation: You have a pair of small horns on your head.
                  | [demonic ancestry]
   115 | D:1      | Gained mutation: You have a pair of small antennae on your
                  | head. [demonic ancestry]
   115 | D:1      | Reached XP level 2. HP: 9/21 MP: 3/5
   116 | D:1      | Quit the game

Levels and vault maps discovered:
D:1:      ncdulo_lavacross, layout_basic, grunt_decor_arrowhead,
          minmay_hexomino_u4

Skill      XL: |  1 |
---------------+----+-----
Unarmed Combat | 3 |  3.2
Fighting       | |  1.0
Dodging        | |  1.7
Spellcasting   | |  2.0
Transmutations | |  1.7

Action                   || total
-------------------------++-------
Melee: Unarmed           ||    25
       Headbutt          ||     1
 Cast: Beastly Appendage ||     1
Armor: Robe              ||     9
Dodge: Dodged            ||    19

Table legend:
 A = Non-vault XP
 B = Vault XP
 C = Vault XP percentage of total XP
 D = Non-vault monster count
 E = Vault monster count
 F = Vault count percentage of total count
                 A         B        C        D         E       F
            +---------+---------+-------+---------+---------+-------
      Total |       8 |       4 |  33.3 |       4 |       2 |  33.3
            +---------+---------+-------+---------+---------+-------
        D:1 |       8 |       4 |  33.3 |       4 |       2 |  33.3
            +---------+---------+-------+---------+---------+-------
